Map: Paladino Terminal LE

Players

Musumeci

  • Race: Zerg Zerg
  • League: Diamond
  • Spawn Location: 9:00

IIIIIIIIIIII - Winner!

  • Race: Terran Terran
  • League: Diamond
  • Spawn Location: 5:00

VOD

Have the link to the VOD?

Description

Time

  • Played on: March 23, 2017, 5:36 p.m.
  • Length: 17:50
Show
View Real Time Build Order
Export as new Build Order

Musumeci Zerg 

Build Orders: Hatch First 

Get SALT Encoding   

  12  0:01  Drone  
  13  0:08  Drone  
  14  0:15  Drone, Extractor  
  15  0:41  Hatchery  
  14  0:47  Extractor  
  14  0:48  Drone  
  15  1:05  Spawning Pool  
  14  1:12  Extractor x2  
  14  1:18  Drone x2  
  14  1:22  Overlord  
  16  1:41  Drone x2  
  18  1:52  Drone  
  18  1:53  Queen  
  21  1:56  Queen  
  21  2:01  Drone  
  24  2:10  Drone, Overlord  
  24  2:14  Drone  
  26  2:25  Drone  
  26  2:28  Queen  
  29  2:34  Queen  
  30  2:44  Drone, Overlord  
  31  2:46  Drone  
  31  2:47  Drone  
  31  2:49  Drone  
  34  2:53  Drone  
  34  2:57  Drone  
  36  3:01  Overlord  
  36  3:15  Drone, Extractor  
  36  3:16  Drone x2, Extractor, Roach Warren  
  36  3:17  Drone  
  37  3:21  Overlord  
  37  3:24  Drone  
  37  3:26  Drone  
  39  3:28  Drone  
  40  3:48  Evolution Chamber  
  35  3:56  Drone x8  
  39  4:24  Evolution Chamber  
  33  4:40  Drone x6  
  39  4:54  Drone  
  39  4:55  Drone  
  39  4:56  Hatchery  
  40  5:04  Drone x4  
  40  5:06  Extractor  
  43  5:09  Drone  
  44  5:20  Roach x4  
  44  5:21  Roach  
  54  5:35  Overlord x2  
  54  5:46  Ravager x3  
  54  5:47  Ravager  
  58  5:50  Roach  
  58  5:54  Drone x2  
  58  5:55  Drone x5  
  67  5:59  Drone  
  67  6:00  Drone x2, Extractor  
  69  6:07  Roach  
  71  6:12  Ravager x2  
  71  6:15  Roach  
  75  6:18  Extractor  
  75  6:19  Drone x3, Extractor  
  75  6:20  Drone x2  
  75  6:21  Drone  
  75  6:24  Roach  
  81  6:33  Lair  
  81  6:52  Overlord x3  
  81  7:12  Roach x12  
  98  7:43  Roach x6  
  95  8:00  Roach  
  95  8:01  Hatchery  
  96  8:06  Ravager x3  
  96  8:07  Ravager  
  98  8:42  Ravager x2  
  98  8:44  Overlord x3  
  100  8:49  Overlord x2  
  97  9:02  Roach x6  
  91  9:09  Glial Reconstitution  
  82  9:12  Roach x6  
  90  9:18  Ravager x6  
  72  9:31  Roach  
  72  9:32  Roach x5  
  80  9:49  Hatchery  
  77  9:58  Ravager x2  
  80  10:00  Ravager x4  
  80  10:01  Roach x9  
  77  10:22  Roach x6  
  87  10:32  Zerg Missile Weapons Level 1  
  87  10:37  Roach x5  
  84  10:43  Ravager x2  
  84  10:44  Ravager x2  
  84  10:47  Ravager x5  
  93  10:51  Drone  
  93  10:52  Drone x3  
  99  10:57  Roach x4  
  99  11:17  Roach  
  99  11:18  Roach x6  
  103  11:25  Roach  
  103  11:26  Roach x5  
  103  11:28  Ravager  
  103  11:29  Ravager x3  
  117  11:37  Evolution Chamber  
  117  11:38  Queen  
  118  11:41  Roach x3  
  118  11:46  Overlord  
  121  12:05  Roach x6  
  113  12:27  Roach  
  113  12:28  Roach x7  
  87  12:41  Roach  
  87  12:42  Roach x4  
  97  12:45  Ravager  
  97  12:46  Ravager  
  99  12:51  Zerg Ground Armor Level 1  
  99  12:53  Ravager x3  
  99  12:54  Ravager  
  103  13:03  Ravager x5  
  108  13:15  Spore Crawler  
  108  13:17  Spore Crawler  
  106  13:21  Spore Crawler  
  106  13:22  Spore Crawler  
  94  13:50  Overseer  
  94  13:55  Spore Crawler  
  93  14:08  Ravager x7  
  93  14:09  Roach x8  
  118  14:10  Roach  
  118  14:14  Hatchery  
  117  14:17  Zerg Missile Weapons Level 2  
  117  14:39  Roach  
  117  14:40  Roach x4  
  117  14:41  Ravager  
  117  14:42  Ravager x2  
  130  14:47  Ravager x5  
  130  15:03  Roach  
  130  15:04  Roach x3  
  100  15:15  Ravager  
  100  15:16  Ravager x3  
  101  15:25  Overseer  
  101  15:35  Roach x5  
  111  15:37  Drone  
  111  15:39  Drone  
  111  15:42  Drone, Extractor  
  113  15:45  Ravager x2  
  113  15:46  Extractor  
  82  15:59  Roach  
  82  16:00  Roach x2  
  60  16:13  Ravager x4  
  60  16:15  Roach x3  
  70  16:26  Ravager x3  
  70  16:28  Roach  
  70  16:29  Roach  
  77  16:39  Ravager x3  
  80  16:41  Roach x3  
  86  16:49  Drone x3  
  86  16:51  Drone  
  86  16:52  Drone  
  91  16:54  Ravager x2  
  93  17:10  Roach  
  93  17:11  Roach x4  
  80  17:18  Roach x2  
  80  17:19  Roach  
Show
View Real Time Build Order
Export as new Build Order

IIIIIIIIIIII Terran - Winner!

Build Orders: Hellion Opening 

Get SALT Encoding   

  12  0:01  SCV  
  13  0:13  SCV  
  14  0:19  Supply Depot  
  14  0:25  SCV  
  15  0:31  Refinery  
  15  0:40  SCV  
  16  0:46  Barracks  
  16  0:53  SCV  
  17  1:05  SCV  
  18  1:17  SCV  
  19  1:33  Orbital Command  
  19  1:35  Factory  
  19  1:47  Supply Depot  
  19  1:50  Barracks Reactor  
  19  1:59  SCV  
  20  2:11  SCV  
  21  2:17  Command Center  
  21  2:26  SCV  
  22  2:38  Supply Depot  
  22  2:39  Hellion x2  
  26  2:44  SCV  
  26  2:49  Barracks Tech Lab  
  27  2:57  SCV  
  28  3:00  Hellion x2  
  32  3:09  SCV  
  33  3:21  Hellion  
  33  3:22  SCV, Hellion  
  38  3:34  SCV, Barracks  
  39  3:39  Orbital Command, Barracks  
  39  3:42  Marauder  
  37  3:57  Widow Mine x2  
  37  4:00  SCV  
  38  4:03  Marauder  
  40  4:13  SCV  
  40  4:16  SCV  
  42  4:25  Marauder, SCV  
  42  4:28  SCV  
  44  4:37  SCV  
  43  4:39  Hellion x2  
  43  4:40  SCV  
  48  4:46  Marauder  
  48  4:47  Barracks Reactor x2  
  48  4:49  SCV  
  48  4:50  Refinery  
  51  4:54  Starport  
  51  4:55  Supply Depot  
  51  4:58  SCV  
  52  5:00  Supply Depot x2  
  52  5:01  SCV  
  52  5:03  Stimpack  
  53  5:10  SCV  
  54  5:17  Marauder, SCV, Hellion x2  
  54  5:19  Refinery  
  61  5:22  SCV  
  61  5:28  Marine x4  
  65  5:29  SCV  
  65  5:32  Starport Reactor  
  65  5:34  SCV, Supply Depot  
  68  5:36  Supply Depot  
  68  5:38  Armory  
  68  5:41  SCV  
  68  5:42  Marauder  
  71  5:46  Hellion  
  71  5:47  SCV  
  71  5:49  Hellion  
  76  5:53  SCV  
  76  5:55  Marine  
  76  5:56  Marine x3  
  81  5:59  SCV  
  82  6:05  SCV  
  82  6:08  Marauder  
  82  6:09  Hellion  
  82  6:10  Hellion  
  82  6:11  SCV  
  90  6:12  Medivac  
  90  6:13  Medivac  
  94  6:53  Supply Depot  
  94  6:54  Command Center, Supply Depot  
  94  6:58  SCV, Marine x2  
  94  7:15  SCV x2, Marine x2, Hellbat x2  
  102  7:16  Marauder, Barracks x2, Marine x2, Medivac x2  
  107  7:32  Marine  
  107  7:36  Widow Mine  
  108  7:38  Marauder  
  80  7:51  Marine x2  
  80  7:52  Widow Mine, Marine x2  
  80  7:54  Medivac  
  80  7:55  Medivac  
  80  7:56  SCV x2  
  92  7:59  Marauder  
  92  8:04  Widow Mine  
  92  8:05  Barracks Tech Lab x2  
  96  8:08  SCV  
  96  8:09  Marine x2  
  99  8:14  Marine x2  
  99  8:16  SCV  
  99  8:18  Orbital Command  
  102  8:20  Marauder, Widow Mine  
  102  8:26  Marauder x2, SCV  
  111  8:27  Marine x2  
  111  8:28  SCV  
  111  8:33  Widow Mine  
  112  8:41  Marine x2  
  112  8:42  Marauder  
  112  8:45  Marine x2  
  112  8:47  Marauder  
  112  8:48  Marauder  
  122  8:49  Widow Mine  
  122  8:50  Engineering Bay  
  122  8:54  Engineering Bay  
  123  9:01  Widow Mine  
  123  9:03  Marauder  
  121  9:14  Marauder x2  
  125  9:21  Marine x2  
  125  9:27  Marine  
  125  9:28  Marauder, Marine  
  125  9:30  Hellbat  
  124  9:39  Marine  
  124  9:40  Marauder  
  124  9:43  Marine  
  124  9:45  Marine  
  124  9:46  Marauder  
  124  9:52  Marauder, Reaper  
  124  9:53  Orbital Command  
  124  9:57  Widow Mine, Reaper  
  125  10:08  Terran Infantry Armor Level 1, Terran Infantry Weapons Level 1  
  125  10:10  Supply Depot  
  125  10:11  Supply Depot  
  125  10:13  Supply Depot  
  125  10:14  Marine  
  125  10:15  Widow Mine, Marine x3  
  125  10:16  Marauder  
  124  10:21  Medivac  
  124  10:25  Supply Depot  
  109  10:31  Marine x2  
  109  10:32  Marauder  
  109  10:33  Marine x3  
  99  10:47  Marauder, Widow Mine x2  
  99  10:49  Marine x2  
  107  10:51  Marauder, SCV x2, Marine x2  
  107  10:53  Marauder  
  107  10:54  SCV  
  116  10:58  Concussive Shells  
  116  11:00  Combat Shields  
  116  11:03  SCV x2  
  116  11:04  Medivac x2  
  116  11:06  SCV  
  116  11:07  Marine  
  116  11:08  Marauder  
  124  11:15  SCV x2  
  119  11:19  Marauder x2, Widow Mine x2, Marine x3  
  119  11:25  Marine  
  131  11:30  Marauder  
  131  11:37  Marine x3  
  134  11:40  Marauder x2  
  134  11:42  Marine  
  139  11:47  Command Center  
  139  11:51  Marauder  
  139  11:52  Armory  
  141  11:55  Marine x3  
  141  12:00  Marine  
  142  12:02  Marauder x2  
  114  12:41  Marauder x3, Marine x4  
  114  12:43  Widow Mine x2  
  125  12:58  Marine  
  125  12:59  Barracks, Marine  
  125  13:00  Planetary Fortress  
  127  13:07  Barracks  
  127  13:11  Marauder x2, Widow Mine, Marine x3  
  127  13:12  Widow Mine  
  138  13:14  Medivac x2  
  138  13:16  Marine  
  143  13:20  Refinery x2  
  143  13:26  Barracks  
  143  13:27  Liberator  
  133  13:29  Marauder  
  133  13:32  Marauder  
  133  13:35  SCV x3  
  131  13:42  Marine x4  
  131  13:43  Marauder  
  131  13:46  Terran Infantry Weapons Level 2  
  131  13:47  Terran Infantry Armor Level 2, SCV  
  141  13:51  Marauder  
  141  13:52  Barracks Tech Lab  
  141  13:53  Marauder  
  141  13:54  Marine  
  146  14:00  Marine  
  145  14:05  Marauder  
  145  14:06  Marine x3  
  150  14:12  Marauder, Marine  
  150  14:14  Marauder, Supply Depot, Barracks Tech Lab  
  150  14:15  Marauder, Supply Depot x2  
  157  14:18  Supply Depot  
  157  14:21  Refinery  
  157  14:24  Refinery  
  157  14:25  Refinery  
  157  14:26  Marauder  
  157  14:28  Marine x4  
  157  14:29  Marine  
  164  14:33  Marauder  
  164  14:36  Marauder x2  
  172  14:38  Marauder  
  168  14:46  Marine x2  
  168  14:47  Marauder  
  170  14:55  Marauder  
  170  14:57  Marauder  
  170  14:58  Marauder  
  170  14:59  Marauder  
  142  15:09  Marauder  
  128  15:16  Marauder, Marine x2, Barracks Tech Lab  
  128  15:17  Marine x2  
  128  15:19  Marauder x2  
  128  15:21  Marauder  
  138  15:30  Marauder  
  138  15:34  Marauder, Marine x3  
  138  15:35  Widow Mine, Marine  
  146  15:38  Marauder  
  146  15:40  Marauder x2  
  146  15:42  Marauder  
  153  15:52  Marauder  
  153  15:56  Marauder  
  131  15:59  Marauder  
  131  16:01  Marauder  
  131  16:02  Marauder  
  131  16:04  Marauder  
  123  16:05  Unknown  
  115  16:12  Marine x4  
  115  16:13  Marauder, Medivac x2  
  115  16:17  Marauder  
  127  16:20  Marauder  
  127  16:23  Marauder x2  
  127  16:25  Marauder  
  135  16:28  Command Center  
  135  16:29  Marine  
  135  16:30  Marine x3  
  139  16:34  Marauder  
  139  16:38  Marauder  
  138  16:41  Marine  
  138  16:43  Medivac x2  
  138  16:44  Marine x2  
  138  16:46  Marauder  
  147  16:47  Marine x2  
  147  16:48  Marine x2  
  151  16:56  Marauder, Widow Mine x2  
  151  16:59  Marauder  
  151  17:00  Marauder  
  161  17:02  Marauder x2  
  161  17:05  Marine  
  161  17:08  Marauder  
  165  17:13  Medivac  
  147  17:17  Marauder  
  147  17:21  Marauder  
  143  17:23  Marine  
  143  17:24  Marauder x2, Marine x4  
Tags
 
Add a new tag
Caveats
  • Supply blocks, unpowered buildings, or Contaminate may cause inaccurate times.
  • Supply counts are checked every 10 seconds.